Panthers vs Maple Leafs
Created - February 26, 2025 at 20:16
Goals
|
| Panthers |
0 |
1 |
0 |
1 |
| Maple Leafs |
1 |
2 |
2 |
5 |
|
Shots
|
| Panthers |
13 |
6 |
8 |
27 |
| Maple Leafs |
15 |
11 |
10 |
36 |
|
1st period
1. Maple Leafs , Zach Werenski 13 (Evander Kane 32, Bo Horvat 26) at 10:01 (PP)
Penalties :
Aaron Ekblad (Flo) for Interference (Minor) at 9:54, Alex Pietrangelo (Flo) for Hooking (Minor) at 13:07
2nd period
2. Maple Leafs , Brandon Saad 1 (William Nylander 13, Haydn Fleury 5) at 2:20
3. Maple Leafs , Jason Zucker 12 (Haydn Fleury 6, Bo Horvat 27) at 16:50
4. Panthers , Miro Aaltonen 9 (Jordan Szwarz 16, Nikolay Goldobin 5) at 19:38
Penalties :
Patrice Cormier (TOR) for Slashing (Minor) at 5:24, Brendan Guhle (TOR) for Tripping (Minor) at 11:47
3rd period
5. Maple Leafs , Pontus Aberg 8 (Jon Merrill 16, Jason Zucker 14) at 10:26
6. Maple Leafs , Patrice Cormier 7 (Valentin Zykov 11, John Klingberg 20) at 19:48
Penalties :
Kale Clague (Flo) for Slashing (Minor) at 5:45
Goalie Stats
Ville Husso (Flo), 31 saves from 36 shots - (0.861), L, 13-18-3, 60:00 minutes
Kristers Gudlevskis (TOR), 26 saves from 27 shots - (0.963), W, 23-8-6, 60:00 minutes
Players Stats for Panthers
Player Name G A P +/- PIM S H SB GA TA FO MP PP MP PK MP
------------------------------------------------------------------------------------
Aaron Ekblad 0 0 0 -1 2 2 2 0 0 2 0/0 26:55 2:10 1:45
Aleksander Barkov 0 0 0 0 0 2 2 1 0 0 6/18 17:10 1:44 2:18
Alex Pietrangelo 0 0 0 -1 2 3 2 2 4 2 0/0 26:42 2:10 1:09
Chris Bourque 0 0 0 0 0 0 1 0 0 0 0/0 8:53 0:00 0:57
Danny DeKeiser 0 0 0 -1 0 1 0 0 0 0 0/0 20:56 1:48 1:35
Derick Brassard 0 0 0 -2 0 1 2 0 1 1 1/4 19:49 1:44 0:00
Dmitrij Jaskin 0 0 0 0 0 1 1 0 0 0 1/1 7:56 0:00 0:00
Dominik Kahun 0 0 0 0 0 1 0 0 0 0 0/0 8:49 0:00 0:53
Drake Batherson 0 0 0 0 0 2 1 0 0 0 0/1 15:17 2:14 0:00
Jordan Szwarz 0 1 1 -1 0 2 1 0 0 1 0/0 13:38 0:00 0:48
Kale Clague 0 0 0 -1 2 0 0 1 0 0 0/0 11:07 0:00 0:00
Matt Duchene 0 0 0 -2 0 1 0 2 0 1 13/31 20:17 2:14 0:00
Miro Aaltonen 1 0 1 -1 0 7 0 0 1 0 2/4 13:56 0:00 1:06
Niklas Hansson 0 0 0 -1 0 0 0 2 0 2 0/0 22:03 1:48 2:30
Nikolay Goldobin 0 1 1 -1 0 0 1 1 0 0 0/0 12:50 0:00 0:00
Pavel Buchnevich 0 0 0 0 0 0 1 1 0 0 0/1 15:17 2:14 0:00
Radim Simek 0 0 0 -1 0 1 1 1 0 0 0/0 12:17 0:00 1:11
Tyler Toffoli 0 0 0 -2 0 3 3 1 1 0 0/2 22:00 1:44 2:08
Players Stats for Maple Leafs
Player Name G A P +/- PIM S H SB GA TA FO MP PP MP PK MP
------------------------------------------------------------------------------------
Andre Burakovsky 0 0 0 0 0 2 2 0 0 0 3/3 19:41 2:21 0:00
Bo Horvat 0 2 2 2 0 3 0 1 0 0 17/23 17:50 2:27 2:16
Brandon Saad 1 0 1 0 0 2 1 0 0 0 0/1 11:57 0:26 0:35
Brendan Guhle 0 0 0 2 2 1 0 0 2 0 0/0 13:13 0:00 0:00
Elias Lindholm 0 0 0 0 0 0 3 0 0 0 3/4 10:56 0:00 0:00
Elias Pettersson 0 0 0 0 0 6 0 0 0 0 14/25 20:21 1:38 1:00
Evander Kane 0 1 1 0 0 2 5 0 1 0 2/4 21:34 2:27 1:47
Haydn Fleury 0 2 2 2 0 0 1 0 1 0 0/0 12:58 0:00 0:00
Jason Zucker 1 1 2 2 0 8 1 1 0 0 0/0 15:59 1:38 0:51
John Klingberg 0 1 1 1 0 0 4 1 2 3 0/0 28:33 2:30 2:05
Jon Merrill 0 1 1 0 0 0 0 0 0 0 0/0 18:29 1:35 1:53
Luke Schenn 0 0 0 0 0 3 1 1 0 1 0/0 18:29 1:35 1:53
Nicholas Baptiste 0 0 0 1 0 2 1 1 1 0 0/0 10:11 0:00 0:00
Patrice Cormier 1 0 1 1 2 1 0 0 0 1 0/2 10:11 0:00 0:00
Pontus Aberg 1 0 1 2 0 1 1 0 0 0 0/0 13:07 0:00 0:00
Valentin Zykov 0 1 1 1 0 2 1 0 0 1 0/0 10:11 0:00 0:00
William Nylander 0 1 1 0 0 0 0 0 1 0 0/0 13:47 1:18 1:27
Zach Werenski 1 0 1 1 0 3 1 2 1 1 0/0 28:33 2:30 2:05
3 Stars
1 - Jason Zucker (TOR)
2 - Kristers Gudlevskis (TOR)
3 - Pontus Aberg (TOR)
Power Play
Panthers - 0 on 2 Attempt(s) - 0.00%
Maple Leafs - 1 on 3 Attempt(s) - 33.33%
Penalty Kill
Panthers - 2 on 3 Attempt(s) - 66.67%
- Score 0 goal in Penalty Kill
Maple Leafs - 2 on 2 Attempt(s) - 100.00%
- Score 0 goal in Penalty Kill
Team Stat
Panthers - Hits : 18 - Faceoff Wins : 23 - Blocked Shots : 12 - Penalty Minutes : 6
Maple Leafs - Hits : 22 - Faceoff Wins : 39 - Blocked Shots : 7 - Penalty Minutes : 4
Official
Referees : TJ Luxmore and Mitch Dunning
Linesman : Michel Cormier and Steve Miller
Game Notes
No Game Note
Finance
Level 1 -- Attendance: 5476 (91.27%) -- Ticket Income $547,600
Level 2 -- Attendance: 5000 (100.00%) -- Ticket Income $350,000
Level 3 -- Attendance: 2000 (100.00%) -- Ticket Income $80,000
Level 4 -- Attendance: 3608 (90.20%) -- Ticket Income $108,240
Luxury Box -- Attendance: 889 (88.90%) -- Ticket Income $177,800
Game was played at the Scotiabank Arena.
Total Attendance: 16973 (94.29%)
Total Ticket Income: $1,263,640
Other Income: $189,546
Total Income: $1,453,186
Panthers
5 vs 5 Forward
Center Left Wing Right Wing Time % Phy DF OF
1 Matt Duchene Derick Brassard Tyler Toffoli 40 0 2 3
2 Aleksander Barkov Pavel Buchnevich Drake Batherson 30 0 2 3
3 Miro Aaltonen Nikolay Goldobin Jordan Szwarz 20 1 2 2
4 Dominik Kahun Chris Bourque Dmitrij Jaskin 10 1 2 2
5 vs 5 Defense
Defense Defense Time % Phy DF OF
1 Alex Pietrangelo Aaron Ekblad 40 0 2 3
2 Niklas Hansson Danny DeKeiser 30 1 2 2
3 Kale Clague Radim Simek 20 1 2 2
4 Alex Pietrangelo Aaron Ekblad 10 0 2 3
PowerPlay Forward
Center Left Wing Right Wing Time % Phy DF OF
1 Matt Duchene Pavel Buchnevich Drake Batherson 60 0 1 4
2 Aleksander Barkov Derick Brassard Tyler Toffoli 40 0 1 4
PowerPlay Defense
Defense Defense Time % Phy DF OF
1 Alex Pietrangelo Aaron Ekblad 60 0 2 3
2 Danny DeKeiser Niklas Hansson 40 0 2 3
Penalty Kill 4 Players Forward
Center Wing Time % Phy DF OF
1 Aleksander Barkov Tyler Toffoli 60 1 3 1
2 Miro Aaltonen Jordan Szwarz 40 1 3 1
Penalty Kill 4 Players Defense
Defense Defense Time % Phy DF OF
1 Alex Pietrangelo Niklas Hansson 60 1 4 0
2 Danny DeKeiser Aaron Ekblad 40 1 4 0
Penalty Kill - 3 Players Forward
Forward Time % Phy DF OF
1 Tyler Toffoli 60 1 3 1
2 Aleksander Barkov 40 1 3 1
Penalty Kill - 3 Players Defense
Defense Defense Time % Phy DF OF
1 Alex Pietrangelo Niklas Hansson 60 1 3 1
2 Danny DeKeiser Aaron Ekblad 40 1 3 1
4 vs 4 Forward
Center Wing Time % Phy DF OF
1 Matt Duchene Drake Batherson 60 0 2 3
2 Aleksander Barkov Pavel Buchnevich 40 0 2 3
4 vs 4 Defense
Defense Defense Time % Phy DF OF
1 Alex Pietrangelo Aaron Ekblad 60 1 2 2
2 Danny DeKeiser Niklas Hansson 40 1 2 2
Last Minutes Offensive
Center Left Wing Right Wing Defense Defense
Matt Duchene Pavel Buchnevich Drake Batherson Alex Pietrangelo Aaron Ekblad
Last Minutes Defensive
Center Left Wing Right Wing Defense Defense
Aleksander Barkov Derick Brassard Tyler Toffoli Aaron Ekblad Niklas Hansson
Goaltenders
Starting : Ville Husso
Backup : Brandon Halverson
Extra Forwards
Normal : Aleksander Barkov, Tyler Toffoli, Matt Duchene - PP : Tyler Toffoli, Matt Duchene - PK : Miro Aaltonen
Extra Defensemen
Normal : Niklas Hansson, Alex Pietrangelo, Aaron Ekblad - PP : Kale Clague - PK : Radim Simek, Niklas Hansson
Penalty Shots
Drake Batherson, Tyler Toffoli, Pavel Buchnevich, Matt Duchene, Aleksander Barkov
Custom OT Lines Forwards
Matt Duchene, Tyler Toffoli, Aleksander Barkov, Drake Batherson, Pavel Buchnevich, Jordan Szwarz, Miro Aaltonen, Derick Brassard, Nikolay Goldobin, Chris Bourque
Custom OT Lines Defensemen
Alex Pietrangelo, Aaron Ekblad, Danny DeKeiser, Niklas Hansson, Radim Simek
Scratches
Griffin Reinhart (Herniated Disc Injury), Zac Rinaldo (Healthy)
Maple Leafs
5 vs 5 Forward
Center Left Wing Right Wing Time % Phy DF OF
1 Elias Pettersson Evander Kane Andre Burakovsky 40 1 2 2
2 Bo Horvat Jason Zucker Pontus Aberg 30 1 2 2
3 Elias Lindholm Brandon Saad William Nylander 20 1 2 2
4 Patrice Cormier Valentin Zykov Nicholas Baptiste 10 1 2 2
5 vs 5 Defense
Defense Defense Time % Phy DF OF
1 Zach Werenski John Klingberg 40 1 2 2
2 Jon Merrill Luke Schenn 30 1 2 2
3 Haydn Fleury Brendan Guhle 20 1 2 2
4 Zach Werenski John Klingberg 10 1 2 2
PowerPlay Forward
Center Left Wing Right Wing Time % Phy DF OF
1 Bo Horvat Evander Kane Andre Burakovsky 60 1 2 2
2 Elias Pettersson Jason Zucker William Nylander 40 1 2 2
PowerPlay Defense
Defense Defense Time % Phy DF OF
1 Zach Werenski John Klingberg 60 1 2 2
2 Jon Merrill Luke Schenn 40 1 2 2
Penalty Kill 4 Players Forward
Center Wing Time % Phy DF OF
1 Bo Horvat Evander Kane 60 1 2 2
2 Elias Pettersson Jason Zucker 40 1 2 2
Penalty Kill 4 Players Defense
Defense Defense Time % Phy DF OF
1 Zach Werenski John Klingberg 60 1 2 2
2 Jon Merrill Luke Schenn 40 1 2 2
Penalty Kill - 3 Players Forward
Forward Time % Phy DF OF
1 Bo Horvat 60 1 2 2
2 Elias Pettersson 40 1 2 2
Penalty Kill - 3 Players Defense
Defense Defense Time % Phy DF OF
1 Zach Werenski John Klingberg 60 1 2 2
2 Jon Merrill Luke Schenn 40 1 2 2
4 vs 4 Forward
Center Wing Time % Phy DF OF
1 Bo Horvat Evander Kane 60 1 2 2
2 Elias Pettersson Jason Zucker 40 1 2 2
4 vs 4 Defense
Defense Defense Time % Phy DF OF
1 Zach Werenski John Klingberg 60 1 2 2
2 Jon Merrill Luke Schenn 40 1 2 2
Last Minutes Offensive
Center Left Wing Right Wing Defense Defense
Bo Horvat Evander Kane Andre Burakovsky Zach Werenski John Klingberg
Last Minutes Defensive
Center Left Wing Right Wing Defense Defense
Bo Horvat Evander Kane Andre Burakovsky Zach Werenski John Klingberg
Goaltenders
Starting : Kristers Gudlevskis
Backup : Carter Hutton
Extra Forwards
Normal : William Nylander, Brandon Saad, Elias Pettersson - PP : William Nylander, Brandon Saad - PK : William Nylander
Extra Defensemen
Normal : Luke Schenn, Haydn Fleury, Brendan Guhle - PP : Luke Schenn - PK : Luke Schenn, Haydn Fleury
Penalty Shots
Evander Kane, Bo Horvat, Andre Burakovsky, Jason Zucker, William Nylander
Custom OT Lines Forwards
Evander Kane, Bo Horvat, Andre Burakovsky, Jason Zucker, William Nylander, Brandon Saad, Elias Pettersson, Pontus Aberg, Valentin Zykov, Elias Lindholm
Custom OT Lines Defensemen
Zach Werenski, John Klingberg, Jon Merrill, Luke Schenn, Haydn Fleury
Scratches
None
% Time on Ice - Panthers
Lines # - Real PCT - Wanted PCT - Time Play
Normal Forward
1 - 35% - 40% - 18:06
2 - 25% - 30% - 13:05
3 - 25% - 20% - 12:50
4 - 15% - 10% - 7:56
Normal Defense
1 - 39% - 40% - 20:11
2 - 34% - 30% - 17:30
3 - 21% - 20% - 10:48
4 - 7% - 10% - 3:28
PP Forward
1 - 56% - 60% - 2:14
2 - 44% - 40% - 1:44
PP Defense
1 - 55% - 60% - 2:10
2 - 45% - 40% - 1:48
PK Forward
1 - 80% - 60% - 3:17
2 - 20% - 40% - 0:48
PK Defense
1 - 65% - 60% - 2:39
2 - 35% - 40% - 1:26
PK3 Forward
1 - 0% - 60%
2 - 0% - 40%
PK3 Defense
1 - 0% - 60%
2 - 0% - 40%
44 Forward
1 - 0% - 60%
2 - 0% - 40%
44 Defense
1 - 0% - 60%
2 - 0% - 40%
Last Minute Offensive - 0:00
Last Minute Defensive - 0:00
Total
Forward - 60:00
Defense - 60:00
|
% Time on Ice - Maple Leafs
Lines # - Real PCT - Wanted PCT - Time Play
Normal Forward
1 - 33% - 40% - 17:20
2 - 26% - 30% - 13:30
3 - 21% - 20% - 10:56
4 - 20% - 10% - 10:11
Normal Defense
1 - 39% - 40% - 20:23
2 - 29% - 30% - 15:01
3 - 25% - 20% - 12:58
4 - 7% - 10% - 3:35
PP Forward
1 - 60% - 60% - 2:27
2 - 40% - 40% - 1:38
PP Defense
1 - 61% - 60% - 2:30
2 - 39% - 40% - 1:35
PK Forward
1 - 79% - 60% - 3:07
2 - 21% - 40% - 0:51
PK Defense
1 - 53% - 60% - 2:05
2 - 47% - 40% - 1:53
PK3 Forward
1 - 0% - 60%
2 - 0% - 40%
PK3 Defense
1 - 0% - 60%
2 - 0% - 40%
44 Forward
1 - 0% - 60%
2 - 0% - 40%
44 Defense
1 - 0% - 60%
2 - 0% - 40%
Last Minute Offensive - 0:00
Last Minute Defensive - 0:00
Total
Forward - 60:00
Defense - 60:00
|
Play-by-Play
1st period
0:01 of 1st period - Matt Duchene wins face-off versus Evander Kane in neutral zone.
0:04 of 1st period - Wrist shot by Alex Pietrangelo.
0:04 of 1st period - Deflect By Zach Werenski.
0:04 of 1st period - Stopped by Kristers Gudlevskis without a rebound.
0:05 of 1st period - Matt Duchene wins face-off versus Elias Pettersson in Maple Leafs zone.
0:10 of 1st period - Slapshot by Tyler Toffoli.
0:10 of 1st period - Shot Misses the Net.
0:20 of 1st period - Snap shot by Elias Pettersson.
0:20 of 1st period - Stopped by Ville Husso without a rebound.
0:21 of 1st period - Bo Horvat wins face-off versus Aleksander Barkov in Panthers zone.
0:38 of 1st period - Wrist shot by Aleksander Barkov.
0:38 of 1st period - Stopped by Kristers Gudlevskis with a rebound.
0:48 of 1st period - Miro Aaltonen is hit by Brandon Saad and loses puck.
0:53 of 1st period - Snap shot by Brandon Saad.
0:53 of 1st period - Shot Misses the Net.
1:15 of 1st period - Danny DeKeiser is hit by Valentin Zykov and loses puck.
1:30 of 1st period - Andre Burakovsky is hit by Derick Brassard and loses puck.
1:41 of 1st period - Tyler Toffoli is hit by Evander Kane and loses puck.
2:13 of 1st period - Radim Simek is hit by Elias Lindholm and loses puck.
2:34 of 1st period - Slapshot by Nicholas Baptiste.
2:34 of 1st period - Shot Blocked by Kale Clague.
2:36 of 1st period - Slapshot by Luke Schenn.
2:36 of 1st period - Stopped by Ville Husso without a rebound.
2:37 of 1st period - Miro Aaltonen wins face-off versus Patrice Cormier in Panthers zone.
3:08 of 1st period - Off-side.
3:09 of 1st period - Matt Duchene wins face-off versus Elias Pettersson in neutral zone.
3:20 of 1st period - Wrist shot by Evander Kane.
3:20 of 1st period - Shot Blocked by Tyler Toffoli.
3:22 of 1st period - Slapshot by Jon Merrill.
3:22 of 1st period - Shot Blocked by Niklas Hansson.
3:24 of 1st period - Snap shot by Evander Kane.
3:24 of 1st period - Shot Blocked by Niklas Hansson.
3:26 of 1st period - Snap shot by Andre Burakovsky.
3:26 of 1st period - Shot Blocked by Matt Duchene.
3:44 of 1st period - Slapshot by Dominik Kahun.
3:44 of 1st period - Stopped by Kristers Gudlevskis with a rebound.
4:07 of 1st period - Icing by Pavel Buchnevich.
4:08 of 1st period - Elias Pettersson wins face-off versus Pavel Buchnevich in Panthers zone.
4:11 of 1st period - Snap shot by Andre Burakovsky.
4:11 of 1st period - Shot Misses the Net.
4:29 of 1st period - Wrist shot by Aleksander Barkov.
4:29 of 1st period - Shot Misses the Net.
4:31 of 1st period - Snap shot by Danny DeKeiser.
4:31 of 1st period - Stopped by Kristers Gudlevskis without a rebound.
4:32 of 1st period - Matt Duchene wins face-off versus Bo Horvat in Maple Leafs zone.
4:50 of 1st period - Off-side.
4:51 of 1st period - Elias Pettersson wins face-off versus Miro Aaltonen in neutral zone.
5:39 of 1st period - Wrist shot by Miro Aaltonen.
5:39 of 1st period - Stopped by Kristers Gudlevskis with a rebound.
5:59 of 1st period - Wrist shot by Jordan Szwarz.
5:59 of 1st period - Deflect By Zach Werenski.
5:59 of 1st period - Stopped by Kristers Gudlevskis without a rebound.
6:00 of 1st period - Elias Pettersson wins face-off versus Matt Duchene in Maple Leafs zone.
6:00 of 1st period - Elias Pettersson is hit by Alex Pietrangelo.
6:08 of 1st period - Alex Pietrangelo is hit by Evander Kane and loses puck.
6:36 of 1st period - Wrist shot by Drake Batherson.
6:36 of 1st period - Stopped by Kristers Gudlevskis with a rebound.
6:50 of 1st period - Valentin Zykov is hit by Dmitrij Jaskin and loses puck.
6:59 of 1st period - Snap shot by Dmitrij Jaskin.
6:59 of 1st period - Stopped by Kristers Gudlevskis without a rebound.
7:00 of 1st period - Matt Duchene wins face-off versus Elias Pettersson in Maple Leafs zone.
8:01 of 1st period - Snap shot by William Nylander.
8:01 of 1st period - Shot Misses the Net.
8:23 of 1st period - Slapshot by Miro Aaltonen.
8:23 of 1st period - Stopped by Kristers Gudlevskis with a rebound.
8:39 of 1st period - Snap shot by Tyler Toffoli.
8:39 of 1st period - Shot Blocked by Nicholas Baptiste.
8:53 of 1st period - John Klingberg is hit by Radim Simek and loses puck.
9:02 of 1st period - Wrist shot by Valentin Zykov.
9:02 of 1st period - Shot Blocked by Radim Simek.
9:24 of 1st period - Wrist shot by Dmitrij Jaskin.
9:24 of 1st period - Deflect By Dominik Kahun.
9:24 of 1st period - Shot Blocked by Luke Schenn.
9:24 of 1st period - Puck is out of play.
9:25 of 1st period - Elias Pettersson wins face-off versus Matt Duchene in Maple Leafs zone.
9:25 of 1st period - Elias Pettersson is hit by Tyler Toffoli.
9:54 of 1st period - Minor Penalty to Aaron Ekblad for Interference.
9:55 of 1st period - Bo Horvat wins face-off versus Aleksander Barkov in Panthers zone.
10:01 of 1st period - Slapshot by Zach Werenski.
10:01 of 1st period - Deflect By Alex Pietrangelo.
10:01 of 1st period - Goal by Zach Werenski - Panthers : 0 - Maple Leafs : 1.
10:02 of 1st period - Elias Pettersson wins face-off versus Matt Duchene in neutral zone.
10:57 of 1st period - Snap shot by Jordan Szwarz.
10:57 of 1st period - Stopped by Kristers Gudlevskis without a rebound.
10:58 of 1st period - Miro Aaltonen wins face-off versus Elias Pettersson in Maple Leafs zone.
11:05 of 1st period - Snap shot by Miro Aaltonen.
11:05 of 1st period - Stopped by Kristers Gudlevskis with a rebound.
11:07 of 1st period - Slapshot by Radim Simek.
11:07 of 1st period - Stopped by Kristers Gudlevskis without a rebound.
11:08 of 1st period - Matt Duchene wins face-off versus Elias Pettersson in Maple Leafs zone.
11:25 of 1st period - Wrist shot by Elias Pettersson.
11:25 of 1st period - Stopped by Ville Husso with a rebound.
11:27 of 1st period - Snap shot by Andre Burakovsky.
11:27 of 1st period - Deflect By Aaron Ekblad.
11:27 of 1st period - Shot Misses the Net.
11:27 of 1st period - Puck is out of play.
11:28 of 1st period - Bo Horvat wins face-off versus Drake Batherson in Panthers zone.
11:29 of 1st period - Wrist shot by Jason Zucker.
11:29 of 1st period - Stopped by Ville Husso with a rebound.
11:31 of 1st period - Snap shot by Bo Horvat.
11:31 of 1st period - Stopped by Ville Husso without a rebound.
11:32 of 1st period - Bo Horvat wins face-off versus Aleksander Barkov in Panthers zone.
11:33 of 1st period - Backhand shot by Jason Zucker.
11:33 of 1st period - Deflect By Bo Horvat.
11:33 of 1st period - Shot Hit the Post.
11:33 of 1st period - Puck is out of play.
11:34 of 1st period - Aleksander Barkov wins face-off versus Bo Horvat in Panthers zone.
12:11 of 1st period - Snap shot by Andre Burakovsky.
12:11 of 1st period - Deflect By Evander Kane.
12:11 of 1st period - Shot Misses the Net.
12:11 of 1st period - Puck is out of play.
12:12 of 1st period - Matt Duchene wins face-off versus Bo Horvat in Panthers zone.
12:16 of 1st period - Off-side.
12:17 of 1st period - Bo Horvat wins face-off versus Matt Duchene in neutral zone.
12:24 of 1st period - Wrist shot by Bo Horvat.
12:24 of 1st period - Stopped by Ville Husso with a rebound.
12:26 of 1st period - Slapshot by Bo Horvat.
12:26 of 1st period - Shot Misses the Net.
12:28 of 1st period - Snap shot by Haydn Fleury.
12:28 of 1st period - Deflect By Bo Horvat.
12:28 of 1st period - Stopped by Ville Husso with a rebound.
12:34 of 1st period - Snap shot by Jason Zucker.
12:34 of 1st period - Deflect By Pontus Aberg.
12:34 of 1st period - Shot Misses the Net.
12:34 of 1st period - Puck is out of play.
12:35 of 1st period - Elias Pettersson wins face-off versus Aleksander Barkov in Panthers zone.
12:38 of 1st period - Wrist shot by Elias Pettersson.
12:38 of 1st period - Stopped by Ville Husso with a rebound.
12:46 of 1st period - Snap shot by Aaron Ekblad.
12:46 of 1st period - Stopped by Kristers Gudlevskis with a rebound.
12:48 of 1st period - Slapshot by Alex Pietrangelo.
12:48 of 1st period - Deflect By Aleksander Barkov.
12:48 of 1st period - Shot Blocked by Zach Werenski.
12:48 of 1st period - Puck is out of play.
12:49 of 1st period - Matt Duchene wins face-off versus Elias Pettersson in Maple Leafs zone.
13:07 of 1st period - Minor Penalty to Alex Pietrangelo for Hooking.
13:08 of 1st period - Bo Horvat wins face-off versus Aleksander Barkov in Panthers zone.
13:16 of 1st period - Wrist shot by Andre Burakovsky.
13:16 of 1st period - Stopped by Ville Husso with a rebound.
13:18 of 1st period - Slapshot by Evander Kane.
13:18 of 1st period - Deflect By Andre Burakovsky.
13:18 of 1st period - Shot Misses the Net.
13:18 of 1st period - Puck is out of play.
13:19 of 1st period - Bo Horvat wins face-off versus Aleksander Barkov in Panthers zone.
13:22 of 1st period - Slapshot by Bo Horvat.
13:22 of 1st period - Deflect By Andre Burakovsky.
13:22 of 1st period - Stopped by Ville Husso without a rebound.
13:23 of 1st period - Aleksander Barkov wins face-off versus Bo Horvat in Panthers zone.
13:23 of 1st period - Aleksander Barkov is hit by John Klingberg.
15:07 of 1st period - Penalty to Alex Pietrangelo is over, Alex Pietrangelo is back on ice.
15:29 of 1st period - Valentin Zykov is hit by Aaron Ekblad and loses puck.
16:07 of 1st period - Slapshot by Nicholas Baptiste.
16:07 of 1st period - Shot Misses the Net.
16:09 of 1st period - Slapshot by Jon Merrill.
16:09 of 1st period - Shot Misses the Net.
16:33 of 1st period - Slapshot by Nicholas Baptiste.
16:33 of 1st period - Shot Blocked by Alex Pietrangelo.
16:35 of 1st period - Snap shot by Luke Schenn.
16:35 of 1st period - Stopped by Ville Husso with a rebound.
16:39 of 1st period - Backhand shot by Valentin Zykov.
16:39 of 1st period - Stopped by Ville Husso with a rebound.
16:41 of 1st period - Backhand shot by John Klingberg.
16:41 of 1st period - Deflect By Nicholas Baptiste.
16:41 of 1st period - Stopped by Ville Husso with a rebound.
17:03 of 1st period - Slapshot by Valentin Zykov.
17:03 of 1st period - Shot Misses the Net.
17:07 of 1st period - Wrist shot by Nicholas Baptiste.
17:07 of 1st period - Shot Misses the Net.
17:09 of 1st period - Snap shot by Luke Schenn.
17:09 of 1st period - Stopped by Ville Husso without a rebound.
17:10 of 1st period - Elias Pettersson wins face-off versus Matt Duchene in Panthers zone.
17:23 of 1st period - Niklas Hansson is hit by Evander Kane and loses puck.
Goals for this period are 0 for Panthers vs 1 for Maple Leafs.
Shots for this period are 13 for Panthers vs 15 for Maple Leafs.
2nd period
0:01 of 2nd period - Elias Pettersson wins face-off versus Matt Duchene in neutral zone.
0:09 of 2nd period - Alex Pietrangelo is hit by Andre Burakovsky and loses puck.
1:39 of 2nd period - Jordan Szwarz is hit by Haydn Fleury and loses puck.
2:08 of 2nd period - Bo Horvat is hit by Alex Pietrangelo.
2:20 of 2nd period - Backhand shot by Brandon Saad.
2:20 of 2nd period - Goal by Brandon Saad - Panthers : 0 - Maple Leafs : 2.
2:21 of 2nd period - Andre Burakovsky wins face-off versus Matt Duchene in neutral zone.
2:32 of 2nd period - Slapshot by Evander Kane.
2:32 of 2nd period - Stopped by Ville Husso with a rebound.
2:34 of 2nd period - Snap shot by Zach Werenski.
2:34 of 2nd period - Stopped by Ville Husso with a rebound.
2:52 of 2nd period - Snap shot by Miro Aaltonen.
2:52 of 2nd period - Stopped by Kristers Gudlevskis with a rebound.
3:03 of 2nd period - John Klingberg is hit by Jordan Szwarz and loses puck.
3:18 of 2nd period - Snap shot by Alex Pietrangelo.
3:18 of 2nd period - Stopped by Kristers Gudlevskis with a rebound.
4:08 of 2nd period - Wrist shot by Jordan Szwarz.
4:08 of 2nd period - Shot Misses the Net.
4:16 of 2nd period - Slapshot by Zach Werenski.
4:16 of 2nd period - Shot Misses the Net.
4:18 of 2nd period - Slapshot by Evander Kane.
4:18 of 2nd period - Stopped by Ville Husso without a rebound.
4:19 of 2nd period - Bo Horvat wins face-off versus Matt Duchene in Panthers zone.
5:24 of 2nd period - Minor Penalty to Patrice Cormier for Slashing.
5:25 of 2nd period - Bo Horvat wins face-off versus Matt Duchene in Maple Leafs zone.
5:33 of 2nd period - Icing by Matt Duchene.
5:34 of 2nd period - Bo Horvat wins face-off versus Matt Duchene in Panthers zone.
6:02 of 2nd period - Off-side.
6:03 of 2nd period - Aleksander Barkov wins face-off versus Bo Horvat in neutral zone.
7:24 of 2nd period - Penalty to Patrice Cormier is over, Patrice Cormier is back on ice.
7:53 of 2nd period - Dominik Kahun is hit by Elias Lindholm and loses puck.
8:12 of 2nd period - Alex Pietrangelo is hit by Jason Zucker and loses puck.
8:17 of 2nd period - Slapshot by Jason Zucker.
8:17 of 2nd period - Stopped by Ville Husso with a rebound.
9:44 of 2nd period - Wrist shot by Valentin Zykov.
9:44 of 2nd period - Stopped by Ville Husso with a rebound.
9:48 of 2nd period - Wrist shot by Nicholas Baptiste.
9:48 of 2nd period - Stopped by Ville Husso without a rebound.
9:49 of 2nd period - Andre Burakovsky wins face-off versus Matt Duchene in Panthers zone.
10:40 of 2nd period - Jason Zucker is hit by Drake Batherson.
11:04 of 2nd period - Snap shot by Tyler Toffoli.
11:04 of 2nd period - Shot Misses the Net.
11:06 of 2nd period - Slapshot by Matt Duchene.
11:06 of 2nd period - Stopped by Kristers Gudlevskis without a rebound.
11:07 of 2nd period - Elias Lindholm wins face-off versus Matt Duchene in Maple Leafs zone.
11:38 of 2nd period - Wrist shot by Jason Zucker.
11:38 of 2nd period - Stopped by Ville Husso without a rebound.
11:39 of 2nd period - Bo Horvat wins face-off versus Aleksander Barkov in Panthers zone.
11:40 of 2nd period - Snap shot by Jason Zucker.
11:40 of 2nd period - Stopped by Ville Husso without a rebound.
11:41 of 2nd period - Bo Horvat wins face-off versus Tyler Toffoli in Panthers zone.
11:47 of 2nd period - Minor Penalty to Brendan Guhle for Tripping.
11:48 of 2nd period - Bo Horvat wins face-off versus Matt Duchene in Maple Leafs zone.
12:24 of 2nd period - Slapshot by Alex Pietrangelo.
12:24 of 2nd period - Shot Misses the Net.
13:47 of 2nd period - Penalty to Brendan Guhle is over, Brendan Guhle is back on ice.
13:54 of 2nd period - Snap shot by Jordan Szwarz.
13:54 of 2nd period - Shot Misses the Net.
14:02 of 2nd period - Wrist shot by Jordan Szwarz.
14:02 of 2nd period - Deflect By Miro Aaltonen.
14:02 of 2nd period - Shot Blocked by Jason Zucker.
14:02 of 2nd period - Puck is out of play.
14:03 of 2nd period - Dmitrij Jaskin wins face-off versus Elias Lindholm in Maple Leafs zone.
14:10 of 2nd period - Wrist shot by Dominik Kahun.
14:10 of 2nd period - Shot Misses the Net.
14:30 of 2nd period - Miro Aaltonen is hit by John Klingberg and loses puck.
16:12 of 2nd period - Icing by Niklas Hansson.
16:13 of 2nd period - Bo Horvat wins face-off versus Derick Brassard in Panthers zone.
16:50 of 2nd period - Wrist shot by Jason Zucker.
16:50 of 2nd period - Goal by Jason Zucker - Panthers : 0 - Maple Leafs : 3.
16:51 of 2nd period - Matt Duchene wins face-off versus Elias Pettersson in neutral zone.
17:02 of 2nd period - Wrist shot by Tyler Toffoli.
17:02 of 2nd period - Shot Misses the Net.
17:26 of 2nd period - Wrist shot by Miro Aaltonen.
17:26 of 2nd period - Stopped by Kristers Gudlevskis with a rebound.
17:42 of 2nd period - Pontus Aberg is hit by Aleksander Barkov.
18:02 of 2nd period - Matt Duchene is hit by Elias Lindholm and loses puck.
18:07 of 2nd period - Snap shot by William Nylander.
18:07 of 2nd period - Deflect By Elias Lindholm.
18:07 of 2nd period - Shot Misses the Net.
18:07 of 2nd period - Puck is out of play.
18:08 of 2nd period - Elias Lindholm wins face-off versus Matt Duchene in Panthers zone.
18:42 of 2nd period - Wrist shot by Jason Zucker.
18:42 of 2nd period - Stopped by Ville Husso without a rebound.
18:43 of 2nd period - Elias Pettersson wins face-off versus Aleksander Barkov in Panthers zone.
18:59 of 2nd period - Elias Pettersson is hit by Pavel Buchnevich and loses puck.
19:38 of 2nd period - Snap shot by Miro Aaltonen.
19:38 of 2nd period - Goal by Miro Aaltonen - Panthers : 1 - Maple Leafs : 3.
19:39 of 2nd period - Elias Pettersson wins face-off versus Matt Duchene in neutral zone.
19:48 of 2nd period - Backhand shot by Tyler Toffoli.
19:48 of 2nd period - Stopped by Kristers Gudlevskis without a rebound.
19:49 of 2nd period - Elias Pettersson wins face-off versus Tyler Toffoli in Maple Leafs zone.
Goals for this period are 1 for Panthers vs 2 for Maple Leafs.
Shots for this period are 6 for Panthers vs 11 for Maple Leafs.
3rd period
0:01 of 3rd period - Elias Pettersson wins face-off versus Matt Duchene in neutral zone.
0:01 of 3rd period - Elias Pettersson is hit by Tyler Toffoli.
0:27 of 3rd period - Jason Zucker is hit by Aaron Ekblad and loses puck.
0:38 of 3rd period - Wrist shot by Bo Horvat.
0:38 of 3rd period - Shot Blocked by Aleksander Barkov.
0:56 of 3rd period - Slapshot by Zach Werenski.
0:56 of 3rd period - Deflect By Nikolay Goldobin.
0:56 of 3rd period - Stopped by Ville Husso with a rebound.
1:15 of 3rd period - Dmitrij Jaskin is hit by John Klingberg and loses puck.
2:01 of 3rd period - Wrist shot by Jason Zucker.
2:01 of 3rd period - Shot Blocked by Pavel Buchnevich.
2:29 of 3rd period - Icing by Brendan Guhle.
2:30 of 3rd period - Evander Kane wins face-off versus Matt Duchene in Maple Leafs zone.
2:38 of 3rd period - Icing by Niklas Hansson.
2:39 of 3rd period - Matt Duchene wins face-off versus Evander Kane in Panthers zone.
3:08 of 3rd period - Wrist shot by Brandon Saad.
3:08 of 3rd period - Stopped by Ville Husso without a rebound.
3:09 of 3rd period - Elias Lindholm wins face-off versus Aleksander Barkov in Panthers zone.
3:14 of 3rd period - Icing by Aleksander Barkov.
3:15 of 3rd period - Aleksander Barkov wins face-off versus Brandon Saad in Panthers zone.
4:06 of 3rd period - Snap shot by Brandon Saad.
4:06 of 3rd period - Shot Blocked by Matt Duchene.
4:46 of 3rd period - Snap shot by Tyler Toffoli.
4:46 of 3rd period - Shot Misses the Net.
4:48 of 3rd period - Snap shot by Derick Brassard.
4:48 of 3rd period - Shot Misses the Net.
4:58 of 3rd period - Slapshot by Derick Brassard.
4:58 of 3rd period - Stopped by Kristers Gudlevskis with a rebound.
5:00 of 3rd period - Snap shot by Matt Duchene.
5:00 of 3rd period - Shot Misses the Net.
5:02 of 3rd period - Snap shot by Tyler Toffoli.
5:02 of 3rd period - Stopped by Kristers Gudlevskis without a rebound.
5:03 of 3rd period - Elias Pettersson wins face-off versus Aleksander Barkov in Maple Leafs zone.
5:03 of 3rd period - Elias Pettersson is hit by Aleksander Barkov.
5:19 of 3rd period - Slapshot by Elias Pettersson.
5:19 of 3rd period - Shot Hit the Post.
5:38 of 3rd period - Slapshot by Brendan Guhle.
5:38 of 3rd period - Stopped by Ville Husso without a rebound.
5:39 of 3rd period - Elias Pettersson wins face-off versus Aleksander Barkov in Panthers zone.
5:45 of 3rd period - Minor Penalty to Kale Clague for Slashing.
5:46 of 3rd period - Andre Burakovsky wins face-off versus Aleksander Barkov in Panthers zone.
6:12 of 3rd period - Tyler Toffoli is hit by Luke Schenn and loses puck.
6:48 of 3rd period - Andre Burakovsky is hit by Chris Bourque and loses puck.
7:45 of 3rd period - Penalty to Kale Clague is over, Kale Clague is back on ice.
7:59 of 3rd period - Snap shot by Tyler Toffoli.
7:59 of 3rd period - Stopped by Kristers Gudlevskis without a rebound.
8:00 of 3rd period - Matt Duchene wins face-off versus Patrice Cormier in Maple Leafs zone.
8:27 of 3rd period - Wrist shot by Aleksander Barkov.
8:27 of 3rd period - Shot Misses the Net.
8:29 of 3rd period - Slapshot by Aleksander Barkov.
8:29 of 3rd period - Stopped by Kristers Gudlevskis with a rebound.
8:39 of 3rd period - Brendan Guhle is hit by Nikolay Goldobin and loses puck.
9:02 of 3rd period - Snap shot by Elias Pettersson.
9:02 of 3rd period - Stopped by Ville Husso with a rebound.
9:04 of 3rd period - Backhand shot by Elias Pettersson.
9:04 of 3rd period - Shot Misses the Net.
9:24 of 3rd period - Slapshot by Niklas Hansson.
9:24 of 3rd period - Deflect By Matt Duchene.
9:24 of 3rd period - Shot Blocked by Zach Werenski.
9:24 of 3rd period - Puck is out of play.
9:25 of 3rd period - Bo Horvat wins face-off versus Matt Duchene in Maple Leafs zone.
9:39 of 3rd period - Aaron Ekblad is hit by Zach Werenski and loses puck.
9:42 of 3rd period - Slapshot by Alex Pietrangelo.
9:42 of 3rd period - Stopped by Kristers Gudlevskis with a rebound.
10:00 of 3rd period - Snap shot by Elias Pettersson.
10:00 of 3rd period - Shot Blocked by Alex Pietrangelo.
10:18 of 3rd period - Wrist shot by Miro Aaltonen.
10:18 of 3rd period - Deflect By Nikolay Goldobin.
10:18 of 3rd period - Shot Misses the Net.
10:18 of 3rd period - Puck is out of play.
10:19 of 3rd period - Bo Horvat wins face-off versus Derick Brassard in Maple Leafs zone.
10:26 of 3rd period - Snap shot by Pontus Aberg.
10:26 of 3rd period - Goal by Pontus Aberg - Panthers : 1 - Maple Leafs : 4.
10:27 of 3rd period - Evander Kane wins face-off versus Derick Brassard in neutral zone.
10:36 of 3rd period - Snap shot by Evander Kane.
10:36 of 3rd period - Shot Misses the Net.
10:40 of 3rd period - Wrist shot by Elias Pettersson.
10:40 of 3rd period - Stopped by Ville Husso without a rebound.
10:41 of 3rd period - Matt Duchene wins face-off versus Elias Pettersson in Panthers zone.
10:41 of 3rd period - Matt Duchene is hit by Andre Burakovsky.
10:47 of 3rd period - Andre Burakovsky is hit by Derick Brassard and loses puck.
11:08 of 3rd period - Alex Pietrangelo is hit by Pontus Aberg.
12:21 of 3rd period - Slapshot by Tyler Toffoli.
12:21 of 3rd period - Shot Misses the Net.
12:33 of 3rd period - Wrist shot by Drake Batherson.
12:33 of 3rd period - Stopped by Kristers Gudlevskis without a rebound.
12:34 of 3rd period - Aleksander Barkov wins face-off versus Bo Horvat in Maple Leafs zone.
13:20 of 3rd period - Icing by Alex Pietrangelo.
13:21 of 3rd period - Derick Brassard wins face-off versus Elias Pettersson in Panthers zone.
13:21 of 3rd period - Derick Brassard is hit by Evander Kane.
13:51 of 3rd period - Slapshot by Niklas Hansson.
13:51 of 3rd period - Shot Misses the Net.
15:23 of 3rd period - Snap shot by Jason Zucker.
15:23 of 3rd period - Stopped by Ville Husso without a rebound.
15:24 of 3rd period - Bo Horvat wins face-off versus Miro Aaltonen in Panthers zone.
15:41 of 3rd period - Wrist shot by Jason Zucker.
15:41 of 3rd period - Stopped by Ville Husso without a rebound.
15:42 of 3rd period - Aleksander Barkov wins face-off versus Elias Pettersson in Panthers zone.
15:42 of 3rd period - Aleksander Barkov is hit by Evander Kane.
16:30 of 3rd period - Slapshot by Aaron Ekblad.
16:30 of 3rd period - Stopped by Kristers Gudlevskis with a rebound.
17:01 of 3rd period - Snap shot by Elias Pettersson.
17:01 of 3rd period - Stopped by Ville Husso with a rebound.
17:41 of 3rd period - Slapshot by Matt Duchene.
17:41 of 3rd period - Shot Misses the Net.
18:08 of 3rd period - Wrist shot by Miro Aaltonen.
18:08 of 3rd period - Stopped by Kristers Gudlevskis with a rebound.
18:10 of 3rd period - Slapshot by Kale Clague.
18:10 of 3rd period - Shot Blocked by Bo Horvat.
18:12 of 3rd period - Wrist shot by Miro Aaltonen.
18:12 of 3rd period - Shot Misses the Net.
18:14 of 3rd period - Backhand shot by Miro Aaltonen.
18:14 of 3rd period - Shot Blocked by John Klingberg.
18:26 of 3rd period - Danny DeKeiser is hit by John Klingberg.
19:39 of 3rd period - Jordan Szwarz is hit by Nicholas Baptiste and loses puck.
19:44 of 3rd period - Snap shot by Valentin Zykov.
19:44 of 3rd period - Shot Blocked by Nikolay Goldobin.
19:46 of 3rd period - Snap shot by Patrice Cormier.
19:46 of 3rd period - Shot Misses the Net.
19:48 of 3rd period - Wrist shot by Patrice Cormier.
19:48 of 3rd period - Goal by Patrice Cormier - Panthers : 1 - Maple Leafs : 5.
19:49 of 3rd period - Matt Duchene wins face-off versus Elias Pettersson in neutral zone.
19:52 of 3rd period - Andre Burakovsky is hit by Tyler Toffoli and loses puck.
Goals for this period are 0 for Panthers vs 2 for Maple Leafs.
Shots for this period are 8 for Panthers vs 10 for Maple Leafs.